 Dungeon Sprint DCSS version 0.27-a0-394-g49c82dfaf2 (webtiles) character file.

Game seed: 1699437651489770850

1094 greenwhat the Fighter (level 8, -3/82 HPs)
             Began as a Minotaur Fighter on Feb 21, 2021.
             Was a Follower of Makhleb.
             Slain by a demonic crawler (5 damage)
             ... in the Dungeon (Sprint I: "Red Sonja").
             The game lasted 00:04:38 (193 turns).

greenwhat the Fighter (Minotaur Fighter)             Turns: 193, Time: 00:04:40

Health: -3/82      AC:  9    Str: 20    XL:     8   Next: 10%
Magic:  7/7        EV: 10    Int:  6    God:    Makhleb [*.....]
Gold:   405        SH: 12    Dex: 12    Spells: 7/7 levels left

rFire    . . .     SeeInvis .   a - +0 long sword
rCold    . . .     Faith    .   c - +0 kite shield
rNeg     . . .     Spirit   .   b - +0 scale mail
rPois    .         Reflect  .   (helmet restricted)
rElec    .         Harm     .   (no cloak)
rCorr    .         Rampage  .   (no gloves)
Will     .....     NoTele   +   (no boots)
Stlth    ..........             (no amulet)
HPRegen  0.23/turn              (no ring)
MPRegen  0.10/turn              (no ring)

@: berserk cooldown, slowed, very slow
A: retaliatory headbutt, horns 2
a: Renounce Religion


You were in the Dungeon.
You worshipped Makhleb.
Makhleb was aware of your devotion.
You visited 1 branch You collected 405 gold pieces.

Inventory:

Hand Weapons
 a - a +0 long sword (weapon)
 f - a +0 scythe
Armour
 b - a +0 scale mail (worn)
 c - a +0 kite shield (worn)
 l - a +0 scale mail
Wands
 k - a wand of polymorph (9)
Scrolls
 j - a scroll of blinking
 m - a scroll of silence {unknown}
Potions
 d - a potion of might
 g - a potion of attraction {unknown}
 h - 2 potions of magic


   Skills:
 + Level 11.5 Fighting
 + Level 9.5 Long Blades
 + Level 11.1 Armour
 + Level 2.9 Dodging
 + Level 11.4 Shields


You had 7 spell levels left.
You didn't know any spells.
Your spell library was empty.

Dungeon Overview and Level Annotations

Branches:
Dungeon (1/1)

Altars:
Makhleb
Sif Muna
Vehumet
Wu Jian
Xom
Jiyva
Lugonu


Innate Abilities, Weirdness & Mutations

You reflexively headbutt those who attack you in melee.
You have a pair of horns on your head.


Message History

4 demonic crawlers come into view.
The demonic crawler gives a hideous shriek! x3
You slash the demonic crawler! You headbutt the demonic crawler.
The demonic crawler is moderately wounded.
The demonic crawler hits you but does no damage.
You block the demonic crawler's attack. The demonic crawler hits you. x2
The demonic crawler closely misses you.
The demonic crawler hits you but does no damage.
The demonic crawler barely misses you.
You riposte.
You barely miss the demonic crawler.
The demonic crawler hits you but does no damage.
You block the demonic crawler's attack.
The demonic crawler hits you but does no damage.
The demonic crawler barely misses you. x2
You hit the demonic crawler. You headbutt the demonic crawler!
The demonic crawler is moderately wounded.
The demonic crawler hits you but does no damage.
The demonic crawler hits you.
The demonic crawler hits you but does no damage.
The demonic crawler closely misses you.
You riposte.
You slash the demonic crawler!
You headbutt the demonic crawler, but do no damage.
The demonic crawler is lightly wounded.
The demonic crawler hits you but does no damage.
You block the demonic crawler's attack. The demonic crawler hits you.
* * * LOW HITPOINT WARNING * * *
The demonic crawler hits you!
* * * LOW HITPOINT WARNING * * *
The demonic crawler hits you but does no damage.
The demonic crawler hits you.
* * * LOW HITPOINT WARNING * * *
The demonic crawler completely misses you.
The demonic crawler hits you but does no damage.
You hit the demonic crawler but do no damage.
The demonic crawler is moderately wounded.
The demonic crawler hits you but does no damage.
The demonic crawler closely misses you. The demonic crawler hits you.
* * * LOW HITPOINT WARNING * * *
The demonic crawler hits you.
You die...

##################
.#..'..#__#.))...#
.'[.#..'^.'..#..s##+#
'#####'#__####..@ss.#
.#...#.#### #####s.+
##..##.# ## ##'#_.+
+..._# #_.#+# ##+#


You could see 4 demonic crawlers.

Vanquished Creatures
  2 kobold demonologists (D)
  A slime creature (D)
  Sigmund (D)
  A floating eye (D)
  An ogre (D)
  A jelly (D)
  Ijyb (D)
8 creatures vanquished.

Notes
Turn   | Place    | Note
-------+----------+-------------------------------------------
     0 | D        | greenwhat the Minotaur Fighter began the quest for the Orb.
     0 | D        | Reached XP level 1. HP: 19/19 MP: 0/0
     4 | D        | Noticed Ijyb
    14 | D        | Killed Ijyb
    15 | D        | Reached skill level 5 in Fighting
    15 | D        | Reached skill level 5 in Armour
    15 | D        | Reached skill level 5 in Shields
    15 | D        | Reached XP level 2. HP: 29/29 MP: 1/1
    20 | D        | Noticed an ogre
    23 | D        | Killed an ogre
    24 | D        | Reached XP level 3. HP: 20/39 MP: 2/2
    24 | D        | Reached XP level 4. HP: 24/47 MP: 3/3
    45 | D        | Noticed Sigmund
    53 | D        | Killed Sigmund
    54 | D        | Reached skill level 5 in Long Blades
    54 | D        | Reached XP level 5. HP: 49/57 MP: 4/4
    54 | D        | Reached XP level 6. HP: 55/63 MP: 5/5
    69 | D        | Found an ornate altar of the Wu Jian Council.
    69 | D        | Found a shimmering blue altar of Sif Muna.
    71 | D        | Found a radiant altar of Vehumet.
   115 | D        | Found a burning altar of Makhleb.
   115 | D        | Found a viscous altar of Jiyva.
   115 | D        | Found a shimmering altar of Xom.
   115 | D        | Found a corrupted altar of Lugonu.
   115 | D        | Noticed a slime creature
   125 | D        | Killed a slime creature
   126 | D        | Reached skill level 10 in Fighting
   126 | D        | Reached skill level 1 in Dodging
   126 | D        | Reached skill level 10 in Shields
   132 | D        | Became a worshipper of Makhleb the Destroyer
   146 | D        | Noticed a kobold demonologist
   146 | D        | Noticed a floating eye
   146 | D        | Noticed a kobold demonologist
   148 | D        | Killed a floating eye
   149 | D        | Reached skill level 10 in Armour
   149 | D        | Reached XP level 7. HP: 36/73 MP: 6/6
   157 | D        | Noticed a chaos spawn
   162 | D        | Noticed a red devil
   167 | D        | Killed a kobold demonologist
   170 | D        | Noticed a chaos spawn
   174 | D        | Killed a kobold demonologist
   174 | D        | Reached * piety under Makhleb
   175 | D        | Reached XP level 8. HP: 32/82 MP: 7/7
   190 | D        | Noticed a demonic crawler
   190 | D        | Noticed a demonic crawler
   190 | D        | Noticed a demonic crawler
   190 | D        | Noticed a demonic crawler
   193 | D        | HP: 2/82 [demonic crawler (4)]
   193 | D        | Slain by a demonic crawler

Illustrated notes

Levels and vault maps discovered:
D:        dungeon_sprint_1 [red_sonja_temple_1, red_sonja_temple_small_1]

Skill      XL: |  1  2  3  4  5  6  7 |
---------------+----------------------+-----
Fighting       | 5 7 9 10 11 | 11.5
Long Blades    | 3 4 5 7 9 |  9.5
Armour         | 5 6 8 10 11 | 11.1
Shields        | 5 7 9 10 11 | 11.4
Dodging        | 1 2 |  2.9

Action                   |  1- 3 |  4- 6 |  7- 9 || total
-------------------------+-------+-------+-------++-------
Melee: Long sword        |    11 |    18 |    25 ||    54
       Headbutt          |     3 |     6 |     4 ||    13
  Use: Potion            |       |     2 |     2 ||     4
Armor: Scale mail        |     5 |     6 |    20 ||    31
Dodge: Dodged            |     3 |     2 |    11 ||    16
Block: Kite shield       |     4 |     5 |    12 ||    21
       Rpst.: Long sword |     3 |     1 |     4 ||     8

Table legend: (Time is in decaauts)
 A = Elapsed time spent in this place.
 B = Non-inter-level travel time spent in this place.
 C = Inter-level travel time spent in this place.
 D = Time resting spent in this place.
 E = Time spent auto-exploring this place.
 F = Levels seen in this place.
 G = Mean time per level.
                   A        B        C        D        E       F      G
               +--------+--------+--------+--------+--------+-----+--------+
         Total |    195 |    195 |      0 |      0 |      0 |   1 |  195.0 |
       Dungeon |    195 |    195 |      0 |      0 |      0 |   1 |  195.0 |
               +--------+--------+--------+--------+--------+-----+--------+

Top non-repeatable levels by time:
       D: 195 daAuts
